 Dungeon Crawl Stone Soup version 0.24-a0-170-gd8427f5 (webtiles) character file.

Game seed: 9287126861975360984

13806 Gunnerkreig the Destroyer (level 11, -2/92 HPs)
             Began as a Yellow Draconian Wizard on Mar 8, 2019.
             Was a High Priest of Vehumet.
             Slain by a freezing wraith (10 damage)
             ... on level 11 of the Dungeon on Mar 9, 2019.
             The game lasted 01:41:22 (16831 turns).

Gunnerkreig the Destroyer (DrWz)                   Turns: 16831, Time: 01:41:23

Health: -2/92      AC: 14    Str:  9    XL:     11   Next: 80%
Magic:  5/24       EV: 14    Int: 26    God:    Vehumet [*****.]
Gold:   656        SH:  0    Dex: 13    Spells: 4/29 levels left

rFire    . . .     SeeInvis .   K - +6 halberd of Forced Transition {flame, rC+ MR- Int+3 Dex+4}
rCold    + . .     Gourm    .   (shield currently unavailable)
rNeg     . . .     Faith    .   (armour unavailable)
rPois    +         Spirit   .   a - +0 hat
rElec    .         Reflect  .   g - +0 cloak
rCorr    +         Harm     .   v - +1 pair of gloves
MR       .....                  I - +2 pair of boots
Stlth    ++........             (no amulet)
HPRegen  0.25/turn              G - ring of poison resistance
MPRegen  0.19/turn              H - +1 ring of protection

@: hasted and slowed
A: spit acid, unfitting armour, cold-blooded, acid resistance, AC +7
a: Breathe Acid, Renounce Religion


You were on level 11 of the Dungeon.
You worshipped Vehumet.
Vehumet was extremely pleased with you.
You were hungry.

You visited 2 branches of the dungeon, and saw 12 of its levels.

You collected 656 gold pieces.

Inventory:

Hand Weapons
 f - a +1 spear
 m - a +2 falchion of holy wrath
 n - the +1 dagger of Integrity {speed, +Fly Str+4 Int+4 Dex+2}
   (You found it on level 11 of the Dungeon)

   Attacks with this weapon are significantly faster.
   It affects your strength (+4).
   It affects your intelligence (+4).
   It affects your dexterity (+2).
   It lets you fly.
 B - the +0 flail of Cheese {crush, rElec rPois rN++ Int+4 Dex-4}
   (You took it off an orc warrior on level 10 of the Dungeon)

   It inflicts extra damage upon your enemies.
   It affects your intelligence (+4).
   It affects your dexterity (-4).
   It insulates you from electricity.
   It protects you from poison.
   It greatly protects you from negative energy.
 K - the +6 halberd of Forced Transition (weapon) {flame, rC+ MR- Int+3 Dex+4}
   (You found it on level 11 of the Dungeon)

   It has been specially enchanted to burn those struck by it, causing extra
   injury to most foes and up to half again as much damage against particularly
   susceptible opponents.
   Big, fiery blades are also staple armaments of hydra-hunters.
   It affects your intelligence (+3).
   It affects your dexterity (+4).
   It protects you from cold.
   It affects your resistance to hostile enchantments.
Missiles
 z - 2 throwing nets (quivered)
Armour
 a - a +0 hat (worn)
 g - a +0 cloak (worn)
 v - a +1 pair of gloves (worn)
 I - a +2 pair of boots (worn)
Magical Staves
 d - an uncursed staff of fire
Jewellery
 A - an uncursed ring of fire
 G - a ring of poison resistance (left hand)
 H - a +1 ring of protection (right hand)
Wands
 o - a wand of acid (7)
 t - a wand of iceblast (17)
 x - a wand of flame (16)
Scrolls
 h - 4 scrolls of enchant weapon
 j - 6 scrolls of teleportation
 q - 2 scrolls of remove curse
 r - 2 scrolls of identify
 D - 2 scrolls of enchant armour
 E - a scroll of blinking
Potions
 b - a potion of ambrosia
 e - 3 potions of curing
 i - 2 potions of berserk rage
 k - a potion of agility
 p - a potion of resistance {unknown}
 s - a potion of cancellation
 u - a potion of lignification
 w - 2 potions of mutation
Comestibles
 c - 22 rations


   Skills:
 - Level 7.1 Fighting
 - Level 1.0 Maces & Flails
 - Level 2.1 Polearms
 - Level 4.5 Dodging
 - Level 1.7 Stealth
 + Level 9.7 Spellcasting
 - Level 10.5 Conjurations
   Level 1.0 Summonings
 - Level 3.1 Translocations
 - Level 8.1 Fire Magic
 - Level 2.0 Air Magic
 - Level 2.0 Poison Magic


You had 4 spell levels left.
You knew the following spells:

 Your Spells              Type           Power        Failure   Level  Hunger
a - Magic Dart            Conj           ####         1%          1    None
b - Conjure Flame         Conj/Fire      ######..     1%          3    None
c - Mephitic Cloud        Conj/Pois/Air  #####...     1%          3    None
d - Sticky Flame          Conj/Fire      ######..     1%          4    None
e - Flame Tongue          Conj/Fire      #####        1%          1    None
f - Shock                 Conj/Air       ####         1%          1    None
g - Fireball              Conj/Fire      ######....   1%          5    ####...
h - Stone Arrow           Conj/Erth      #####.       1%          3    None
s - Shroud of Golubria    Chrm/Tloc      ###.......   3%          2    None
y - Blink                 Tloc           N/A          1%          2    None

Your spell library contained the following spells:

 Spells                   Type           Power        Failure   Level  Hunger
 Airstrike                Air            ###.......   5%          4    None
 Throw Flame              Conj/Fire      ######       1%          2    None
 Inner Flame              Hex/Fire       ####....     1%          3    None
 Infusion                 Chrm           ##..         4%          1    None
 Call Imp                 Summ           ###.....     4%          2    None
 Slow                     Hex            ##......     7%          2    None
 Song of Slaying          Chrm           ##......     7%          2    None
 Regeneration             Chrm/Necr      ##........   14%         3    None
 Spectral Weapon          Hex/Chrm       ##......     14%         3    None


Dungeon Overview and Level Annotations

Branches:
Dungeon (11/15)            Temple (1/1) D:7            Lair (0/6) D:8
    Orc (0/2) D:10

Altars:
Ashenzari
Cheibriados
Dithmenos
Elyvilon
Fedhas
Gozag
Hepliaklqana
Kikubaaqudgha
Makhleb
Nemelex Xobeh
Okawaru
Qazlal
Ru
Sif Muna
Trog
Uskayaw
Vehumet
Wu Jian
Xom
Yredelemnul
Zin
The Shining One

Shops:
D:7 :

Annotations:
D:7 Vault, tp scroll, pmoppi's ghost, novice GnSk
D:8 vault, cyclops+ghost+short sword?, Clumpoid's ghost, novice GnWz


Innate Abilities, Weirdness & Mutations

You can spit globs of acid.
Your golden yellow scales are hard. (AC +7)
You cannot fit into any form of body armour.
You are cold-blooded and may be slowed by cold attacks.
You are resistant to acid. (rCorr)


Message History

The freezing wraith hits you!
* * * LOW HITPOINT WARNING * * *
The freezing wraith freezes you! You resist.
* * * LOW HITPOINT WARNING * * *
The freezing wraith hits you.
* * * LOW HITPOINT WARNING * * *
The freezing wraith drains your vigour!
You feel yourself slow down.
Wield which item (- for none, * to show all)? (? for menu, Esc to quit)
Okay, then.
You feel much better.
The freezing wraith completely misses you.
The freezing wraith hits you.
* * * LOW HITPOINT WARNING * * *
The freezing wraith barely misses you. The freezing wraith misses you.
You feel yourself speed up.
You are feeling hungry.
The freezing wraith hits you!
* * * LOW HITPOINT WARNING * * *
The freezing wraith freezes you! You resist.
You die...

..#######............# #.........
...#####.............###.........
....###......###....[............
.....#.......# #.................
.............###.................
.........................).......
..........................###....
............[......>......# #....
......[........W@.........###....
...........................).....
.............###.................
.....#.......# #.......)...†.....
....###......###.................
#.######.............###.........
#########............# #.........
##.#####....(........###.........
#..###..........................


You could see a freezing wraith.

Vanquished Creatures
  Harold (D:7)
  2 two-headed ogres
  An unseen horror (D:10)
  A wizard (D:6)
  Joseph (D:9)
  2 trolls (D:10)
  2 hippogriffs
  11 yaks
  A human (D:7)
  2 vampires
  3 hogs (D:7)
  2 hungry ghosts
  2 water moccasins
  An acid dragon (D:9)
  Duvessa (D:7)
  Edmund (D:6)
  4 porcupines (D:8)
  9 orc warriors
  4 ice beasts
  7 sky beasts
  8 ogres
  2 centaurs
  4 crocodiles (D:8)
  4 big kobolds
  3 bullfrogs
  Dowan (D:7)
  3 scorpions
  5 killer bees (D:9)
  2 howler monkeys
  A lava snake (D:11)
  2 electric eels (D:10)
  2 centaur zombies
  4 crimson imps
  A quasit (D:7)
  A centaur skeleton (D:4)
  6 hounds
  6 iguanas
  4 jellies
  Crazy Yiuf (D:2)
  4 gnoll shamans (D:9)
  11 orc priests
  2 bullfrog skeletons
  Terence (D:3)
  20 orc wizards
  9 worker ants
  A hound skeleton (D:11)
  A worker ant zombie (D:5)
  12 gnolls
  15 adders
  An adder zombie (D:6)
  4 adder skeletons
  3 worms
  4 leopard geckos
  47 orcs
  6 giant cockroaches
  4 goblins
  10 hobgoblins
  10 jackals
  23 kobolds
  4 quokkas
  12 bats
  4 frilled lizards
  A leopard gecko skeleton (D:4)
  A quokka skeleton (D:8)
  4 rats
332 creatures vanquished.

Vanquished Creatures (others)
  7 fungi
  18 plants
25 creatures vanquished.

Grand Total: 357 creatures vanquished

Notes
Turn   | Place    | Note
-------+----------+-------------------------------------------
     0 | D:1      | Gunnerkreig the Draconian Wizard began the quest for the
                  | Orb.
     0 | D:1      | Reached XP level 1. HP: 14/14 MP: 4/4
   363 | D:1      | Reached XP level 2. HP: 20/20 MP: 3/6
   665 | D:1      | Reached skill level 2 in Conjurations
  1609 | D:1      | Reached XP level 3. HP: 23/26 MP: 0/7
  2066 | D:2      | Reached skill level 3 in Conjurations
  2245 | D:2      | Found a runed translucent door.
  2246 | D:2      | Noticed Crazy Yiuf
  2262 | D:2      | Paralysed by Crazy Yiuf for 5 turns
  2270 | D:2      | Killed Crazy Yiuf
  2270 | D:2      | Reached XP level 4. HP: 8/33 MP: 2/9
  2857 | D:3      | Noticed Terence
  2907 | D:3      | Killed Terence
  3012 | D:3      | Reached skill level 4 in Conjurations
  3034 | D:3      | Reached XP level 5. HP: 38/38 MP: 6/10
  3050 | D:3      | Found a shimmering altar of Xom.
  3697 | D:4      | Reached skill level 1 in Fighting
  3785 | D:4      | Reached skill level 1 in Polearms
  3904 | D:4      | Reached XP level 6. HP: 26/48 MP: 0/12
  4259 | D:4      | Found an ancient bone altar of Kikubaaqudgha.
  4289 | D:4      | Learned a level 3 spell: Conjure Flame
  4293 | D:4      | Learned a level 3 spell: Mephitic Cloud
  4296 | D:4      | Learned a level 2 spell: Blink
  4482 | D:4      | Found an ornate altar of the Wu Jian Council.
  5008 | D:4      | Your scales start taking on a golden yellow colour.
  5008 | D:4      | Reached XP level 7. HP: 33/60 MP: 5/13
  5008 | D:4      | Gained mutation: You are resistant to acid. (rCorr) [Yellow
                  | Draconian growth]
  5253 | D:5      | Entered Level 5 of the Dungeon
  5258 | D:4      | Reached skill level 5 in Fighting
  5467 | D:5      | Reached skill level 1 in Fire Magic
  5467 | D:5      | Reached skill level 1 in Air Magic
  5467 | D:5      | Reached skill level 1 in Poison Magic
  5899 | D:5      | Found an iron altar of Okawaru.
  5950 | D:5      | Reached skill level 5 in Conjurations
  6095 | D:5      | Found a radiant altar of Vehumet.
  6117 | D:5      | Became a worshipper of Vehumet
  6289 | D:5      | Found a hide-covered altar of Uskayaw.
  6290 | D:5      | Noticed a +0 dagger
  6290 | D:5      | Noticed a +0 dagger
  6315 | D:5      | Reached XP level 8. HP: 58/68 MP: 6/14
  7803 | D:6      | Reached skill level 5 in Spellcasting
  7803 | D:6      | Reached skill level 6 in Conjurations
  7931 | D:6      | Noticed a wizard
  7942 | D:6      | Killed a wizard
  7942 | D:6      | Reached skill level 7 in Conjurations
  8076 | D:6      | Reached * piety under Vehumet
  8076 | D:6      | Offered knowledge of Shock by Vehumet.
  8079 | D:6      | Reached XP level 9. HP: 66/74 MP: 7/18
  8123 | D:6      | Learned a level 1 spell: Shock
  8125 | D:6      | Learned a level 1 spell: Flame Tongue
  8189 | D:6      | Learned a level 2 spell: Shroud of Golubria
  8287 | D:6      | Noticed Edmund
  8301 | D:6      | Killed Edmund
  8828 | D:7      | Noticed Harold
  8856 | D:7      | Killed Harold
  8856 | D:7      | Reached skill level 8 in Conjurations
  8868 | D:7      | Found a runed translucent gate.
  8869 | D:7      | Found a runed translucent gate.
  8869 | D:7      | Found a runed translucent gate.
  8871 | D:7      | Noticed pmoppi's ghost (novice GnSk)
  8920 | D:7      | Found a shattered altar of Ashenzari.
  8970 | D:7      | Found a radiant altar of Vehumet.
  9067 | D:7      | Reached XP level 10. HP: 77/81 MP: 8/21
  9302 | D:7      | Found a staircase to the Ecumenical Temple.
  9321 | Temple   | Entered the Ecumenical Temple
  9399 | D:7      | Reached skill level 5 in Fire Magic
  9497 | D:7      | Found Nasaadug's Book Emporium.
  9616 | D:7      | Found a glowing silver altar of Zin.
  9640 | D:7      | Noticed Dowan
  9640 | D:7      | Noticed Duvessa
  9646 | D:7      | Killed Dowan
  9760 | D:7      | Killed Duvessa
 10109 | D:8      | Reached skill level 9 in Conjurations
 10214 | D:8      | Reached ** piety under Vehumet
 10214 | D:8      | Offered knowledge of Sandblast by Vehumet.
 10405 | D:8      | Found a basalt altar of Yredelemnul.
 10521 | D:8      | Found a runed translucent door.
 10522 | D:8      | Noticed a cyclops
 10523 | D:8      | Noticed Clumpoid's ghost (novice GnWz)
 10571 | D:8      | Found a sparkling altar of Nemelex Xobeh.
 10788 | D:8      | Found a staircase to the Lair.
 11538 | D:9      | Noticed a two-headed ogre
 11573 | D:9      | Killed a two-headed ogre
 11573 | D:9      | Offered knowledge of Searing Ray by Vehumet.
 11911 | D:9      | Found a radiant altar of Vehumet.
 11936 | D:9      | Learned a level 4 spell: Sticky Flame
 11942 | D:9      | Learned a level 5 spell: Fireball
 12121 | D:9      | Reached *** piety under Vehumet
 12130 | D:9      | Reached XP level 11. HP: 89/89 MP: 6/23
 12278 | D:9      | Noticed Joseph
 12284 | D:9      | Killed Joseph
 12537 | D:9      | Reached skill level 10 in Conjurations
 12748 | D:9      | Offered knowledge of Force Lance by Vehumet.
 13728 | D:10     | Entered Level 10 of the Dungeon
 13967 | D:10     | Reached **** piety under Vehumet
 13973 | D:10     | Offered knowledge of Stone Arrow by Vehumet.
 14630 | D:10     | Found a staircase to the Orcish Mines.
 14679 | D:10     | Identified the cursed +0 flail of Cheese {crush, rElec
                  | rPois rN++ Int+4 Dex-4}
 15178 | D:10     | Killed an unseen horror
 15264 | D:10     | Reached skill level 1 in Maces & Flails
 15516 | D:10     | Reached ***** piety under Vehumet
 15913 | D:10     | Learned a level 3 spell: Stone Arrow
 16315 | D:11     | Noticed a two-headed ogre
 16423 | D:11     | Offered knowledge of Airstrike by Vehumet.
 16433 | D:11     | Killed a two-headed ogre
 16532 | D:11     | Got a twisted halberd
 16533 | D:11     | Identified the +6 halberd of Forced Transition {flame, rC+
                  | MR- Int+3 Dex+4} (You found it on level 11 of the Dungeon)
 16688 | D:11     | Got a shimmering dagger
 16689 | D:11     | Identified the cursed +1 dagger of Integrity {speed, +Fly
                  | Str+4 Int+4 Dex+2} (You found it on level 11 of the
                  | Dungeon)
 16831 | D:11     | Slain by a freezing wraith

Levels and vault maps discovered:
D:1:      minmay_arrival_up_and_down, layout_basic, item_on_display_a
D:2:      layout_rooms, uniq_crazy_yiuf_cottage
D:3:      layout_basic, lemuel_doored_altar, uniq_terence
D:4:      minmay_diamond_boxcup, layout_cave_pools, kennysheep_mini_moat,
          lemuel_round_altar, hangedman_abyss_or_decor_lesser_grid
D:5:      layout_loops_ring, lemuel_coloured_pillars_altar,
          vehumet_altar_wand_db, dancing_weapons_uskayaw, first_ration
D:6:      layout_loops_corners, hangedman_minor_gate_pass, uniq_edmund
D:7:      layout_basic, evilmike_ruin_ashenzari, kennysheep_little_box,
          minmay_temple_entry_proselytizer, basic_altar, serial_shops, shop,
          gammafunk_ghost_necromancy, grunt_livestock, uniq_harold, uniq_duvessa
D:8:      layout_basic, lemuel_crystal_altar, minmay_lair_entry_grove,
          ebering_ghost_inner_flame, basic_altar, corexii_corridor_pit
D:9:      kennysheep_seaside_town, layout_basic, basic_altar,
          hangedman_decor_diamond_cutter, uniq_joseph
D:10:     layout_layer_cave, erik_orc_2
D:11:     layout_big_octagon, kennysheep_dice
Temple:   nicolae_temple_god_jail

Skill      XL: |  1  2  3  4  5  6  7  8  9 10 11 |
---------------+----------------------------------+-----
Conjurations   | 2 3 4 5 7 8 9 10 | 10.5
Spellcasting   | 4 6 7 8 9 |  9.7
Dodging        | 2 3 4 |  4.5
Fighting       | 1 4 5 7 |  7.1
Polearms       | 1 2 |  2.1
Fire Magic     | 2 4 6 8 |  8.1
Air Magic      | 2 |  2.0
Poison Magic   | 2 |  2.0
Translocations | 3 |  3.1
Maces & Flails | 1 |  1.0
Stealth        | |  1.7
Summonings     | |  1.0

Action                   |  1- 3 |  4- 6 |  7- 9 | 10-12 || total
-------------------------+-------+-------+-------+-------++-------
Melee: Unarmed           |    23 |       |       |       ||    23
       Tailslap          |     3 |     2 |     8 |     8 ||    21
       Spear             |    65 |    71 |   151 |   177 ||   464
       Halberd           |       |       |       |     3 ||     3
       Flail             |       |       |       |     1 ||     1
Throw: Stone             |    13 |       |     2 |    10 ||    25
       Throwing net      |       |       |       |     1 ||     1
 Cast: Magic Dart        |   104 |   153 |   205 |   306 ||   768
       Conjure Flame     |       |     1 |    19 |    47 ||    67
       Mephitic Cloud    |       |       |    14 |    16 ||    30
       Blink             |       |       |     1 |    14 ||    15
       Shroud of Golubri |       |       |     2 |     1 ||     3
       Shock             |       |       |       |   185 ||   185
       Fireball          |       |       |       |    16 ||    16
       Flame Tongue      |       |       |       |    30 ||    30
       Sticky Flame      |       |       |       |    13 ||    13
       Stone Arrow       |       |       |       |     2 ||     2
 Abil: Breathe Acid      |       |       |     3 |     2 ||     5
  Use: Scroll            |       |     6 |     8 |     5 ||    19
       Potion            |       |     1 |       |     2 ||     3
 Stab: Confused          |       |       |     2 |       ||     2
  Eat: Chunk             |     1 |     8 |    11 |    24 ||    44
       Ration            |     1 |       |     1 |     1 ||     3
Armor: Skin              |    47 |    37 |    62 |    94 ||   240
Dodge: Dodged            |    89 |    62 |   101 |   135 ||   387

Table legend:
 A = Non-vault XP
 B = Vault XP
 C = Vault XP percentage of total XP
 D = Non-vault monster count
 E = Vault monster count
 F = Vault count percentage of total count
                 A         B        C        D         E       F
            +---------+---------+-------+---------+---------+-------
      Total |   11924 |    7800 |  39.5 |     247 |      85 |  25.6
            +---------+---------+-------+---------+---------+-------
        D:1 |      31 |       0 |   0.0 |      19 |       0 |   0.0
        D:2 |      66 |      39 |  37.1 |      22 |       1 |   4.3
        D:3 |      62 |      36 |  36.7 |      16 |       1 |   5.9
        D:4 |     345 |     266 |  43.5 |      22 |       5 |  18.5
        D:5 |     628 |       1 |   0.2 |      20 |       1 |   4.8
        D:6 |     596 |    1016 |  63.0 |      25 |       7 |  21.9
        D:7 |    1270 |    2097 |  62.3 |      26 |      10 |  27.8
        D:8 |     502 |    1795 |  78.1 |      10 |      12 |  54.5
        D:9 |    2531 |    1778 |  41.3 |      22 |      27 |  55.1
       D:10 |    4468 |     772 |  14.7 |      47 |      21 |  30.9
       D:11 |    1425 |       0 |   0.0 |      18 |       0 |   0.0
            +---------+---------+-------+---------+---------+-------
